 Dungeon Crawl Stone Soup version 0.29.1-1-gd02db6906a (webtiles) character file.

Game seed: 1727362466936876837

274 LustLizard the Trooper (level 6, -4/48 HPs)
             Began as a Demonspawn Fighter on Oct 4, 2022.
             Killed by nerve-wracking pain
             ... invoked by Grinder
              (13 damage)
             ... on level 3 of the Dungeon.
             The game lasted 00:06:56 (2821 turns).

LustLizard the Trooper (Demonspawn Fighter)         Turns: 2821, Time: 00:06:56

Health: -4/48      AC: 15    Str: 16    XL:     6   Next: 3%
Magic:  6/6        EV:  6    Int:  9    God:
Gold:   197        SH: 10    Dex: 15    Spells: 5/5 levels left

rFire   . . .      SeeInvis .   h - +1 rapier (drain)
rCold   . . .      Faith    .   c - +0 buckler
rNeg    . . .      Spirit   .   x - +0 chain mail
rPois   .          Reflect  +   w - +0 helmet
rElec   .          Harm     .   n - +0 cloak
rCorr   .          Rampage  .   t - +0 pair of gloves
Will    .....                   (no boots)
Stlth   ..........              f - amulet of reflection
HPRegen 0.16/turn               (no ring)
MPRegen 0.10/turn               (no ring)

@: no status effects
A: yellow scales 2, powered by pain 2
a: no special abilities


You were on level 3 of the Dungeon.
You visited 1 branch of the dungeon, and saw 3 of its levels.

You collected 197 gold pieces.

Inventory:

Hand Weapons
 a - a +0 long sword
 h - a +1 rapier of draining (weapon)
Armour
 b - a +0 scale mail
 c - a +0 buckler (worn)
 d - a +2 robe of willpower
 n - a +0 cloak (worn)
 t - a +0 pair of gloves (worn)
 w - a +0 helmet (worn)
 x - a +0 chain mail (worn)
Jewellery
 f - an amulet of reflection (around neck)
 j - a ring of ice
Wands
 r - a wand of quicksilver (10)
 y - a wand of flame (15)
Scrolls
 e - a scroll of blinking {unknown}
 g - 2 scrolls of teleportation {unknown}
 i - a scroll of brand weapon {unknown}
 m - a scroll of vulnerability {unknown}
 o - a scroll of poison {unknown}
 p - a scroll of noise {unknown}
 s - a scroll of butterflies {unknown}
Potions
 k - 3 potions of degeneration
 l - a potion of resistance
 q - a potion of berserk rage
 u - a potion of haste
 v - 2 potions of attraction
 z - a potion of lignification {unknown}
 A - a potion of cancellation {unknown}


   Skills:
 + Level 4.0 Fighting
 * Level 3.9 Long Blades
 + Level 3.5 Armour
 + Level 3.6 Shields


You had 5 spell levels left.
You didn't know any spells.
Your spell library was empty.

Dungeon Overview and Level Annotations

Branches:
Dungeon (3/15)

Altars:

Annotations:
D:3 1 transporter, Grinder


Innate Abilities, Weirdness & Mutations

You are mostly covered in yellow scales. (AC +3)
You sometimes gain power by taking damage.


Message History

Grinder says, "DUCK!"
Grinder barely misses you.
You closely miss Grinder.
Grinder is moderately wounded.
Grinder hits you!
You closely miss Grinder.
Grinder is moderately wounded.
Grinder blinks!
Grinder gestures at you. Pain shoots through your body!
* * * LOW HITPOINT WARNING * * *
Grinder attacks as you move away! You block Grinder's attack.
You hit Grinder.
Grinder is moderately wounded.
Grinder hits you but does no damage.
You hit Grinder.
Grinder is moderately wounded.
You block Grinder's attack. Grinder hits you but does no damage.
You hit Grinder.
Grinder is heavily wounded.
You block Grinder's attack.
You hit Grinder but do no damage.
Grinder is heavily wounded.
You block Grinder's attack.
You closely miss Grinder.
Grinder is heavily wounded.
Grinder gestures at you. Pain shoots through your body!
* * * LOW HITPOINT WARNING * * *
You hit Grinder but do no damage.
Grinder is heavily wounded.
You block Grinder's attack.
You hit Grinder.
Grinder is heavily wounded.
Grinder hits you but does no damage.
You hit Grinder.
Grinder is heavily wounded.
Grinder gestures at you. Pain shoots through your body!
You die...

#.#.#.#....#
#...........
###.#.#.#..#
#.#.#.#..#
#.#.#.#..#
#.#.#.#..#
#.#.#.#..#
#...#.#..# #
#.....#@.#.####
#.#.###5.......
#.#.5....#.####
#.#.####.#.#
#.#.# ## #
..... #.#.#
#####


You could see Grinder.

Vanquished Creatures
  Sigmund (D:2)
  Ijyb (D:3)
  Robin (D:3)
  3 worms
  A dart slug (D:2)
  8 bats
  2 endoplasms
  3 giant cockroaches
  14 goblins
  8 hobgoblins
  7 jackals
  4 quokkas
  10 ball pythons
  3 frilled lizards
  6 kobolds
  A rat (D:2)
73 creatures vanquished.

Notes
Turn   | Place    | Note
-------+----------+-------------------------------------------
     0 | D:1      | LustLizard the Demonspawn Fighter began the quest for the
                  | Orb.
     0 | D:1      | Reached XP level 1. HP: 18/18 MP: 1/1
   318 | D:1      | Found a faded altar of an unknown god.
   341 | D:1      | Gained mutation: You sometimes gain a little power by
                  | taking damage. [demonic ancestry]
   341 | D:1      | Reached XP level 2. HP: 24/24 MP: 2/2
   968 | D:2      | Reached XP level 3. HP: 17/29 MP: 3/3
  1120 | D:2      | Noticed Sigmund
  1136 | D:2      | HP: 1/29 [Sigmund/+0 scythe of distortion (5)]
  1140 | D:2      | Killed Sigmund
  1141 | D:2      | Gained mutation: You are partially covered in yellow
                  | scales. (AC +2) [demonic ancestry]
  1141 | D:2      | Reached XP level 4. HP: 2/37 MP: 4/4
  1141 | D:2      | Gained mutation: You are mostly covered in yellow scales.
                  | (AC +3) [demonic ancestry]
  1141 | D:2      | Reached XP level 5. HP: 2/42 MP: 5/5
  2316 | D:3      | Noticed Robin
  2335 | D:3      | Killed Robin
  2474 | D:3      | Reached skill level 4 in Fighting
  2615 | D:3      | Noticed Ijyb
  2636 | D:3      | Killed Ijyb
  2637 | D:3      | Gained mutation: You sometimes gain power by taking damage.
                  | [demonic ancestry]
  2637 | D:3      | Reached XP level 6. HP: 47/48 MP: 6/6
  2717 | D:3      | Found a transporter.
  2757 | D:3      | Noticed Grinder
  2783 | D:3      | Paralysed by Grinder for 3 turns
  2796 | D:3      | Paralysed by Grinder for 4 turns
  2821 | D:3      | Killed from afar by Grinder

Illustrated notes

Levels and vault maps discovered:
D:1:      wander_arrival_peaceful_grave, layout_loops_cross,
          dreamdust_ecumenical_altar_angels_and_demons
D:2:      layout_basic, minivault_4, hangedman_glass_garden,
          minmay_tromino_v4_b, uniq_sigmund
D:3:      gammafunk_wand_slinger, layout_basic, kennysheep_generic_room_11,
          uniq_ijyb, uniq_robin, uniq_grinder

Skill      XL: |  1  2  3  4  5 |
---------------+----------------+-----
Long Blades    | 2 3 |  3.9
Armour         | 3 |  3.5
Shields        | 3 |  3.6
Fighting       | 4 |  4.0

Action                   |  1- 3 |  4- 6 || total
-------------------------+-------+-------++-------
Melee: Long sword        |    10 |       ||    10
       Rapier            |    70 |   151 ||   221
  Use: Potion            |     1 |       ||     1
       Scroll            |       |     5 ||     5
 Stab: Distracted        |       |     1 ||     1
Armor: Scale mail        |    22 |    42 ||    64
       Chain mail        |       |    29 ||    29
Dodge: Dodged            |    19 |    31 ||    50
Block: Buckler           |    34 |    75 ||   109
       Reflection        |     2 |       ||     2
